 Dungeon Crawl Stone Soup version 0.30-a0-930-gb9d0489357 (webtiles) character file.

Game seed: 16340073798476601483

22052 bearlyready the Cleaver (level 12, -14/110 HPs)
             Began as an Armataur Berserker on Mar 24, 2023.
             Was a High Priest of Trog.
             Demolished by a catoblepas (24 damage)
             ... on level 13 of the Dungeon.
             The game lasted 00:20:13 (12163 turns).

bearlyready the Cleaver (Armataur Berserker)       Turns: 12163, Time: 00:20:13

Health: -14/110    AC:  9    Str: 28    XL:     12   Next: 59%
Magic:  12/12      EV: 14    Int:  8    God:    Trog [*****.]
Gold:   1010       SH:  0    Dex:  9    Spells: 11/11 levels left

rFire   + . .      SeeInvis .    E - +5 war axe of Deflation {protect, rF+}
rCold   . . .      Faith    .    (no shield)
rNeg    . . .      Spirit   .    V - +1 ring mail {Will+}
rPois   .          Reflect  .    T - +0 hat
rElec   .          Roll     +    (no cloak)
rCorr   .                        f - +0 pair of gloves
Will    +....                    (no barding) Stlth
                                 (no amulet)
HPRegen 0.38/turn                w - +5 ring of evasion
MPRegen 0.13/turn                q - ring of flight

@: marked, flying
A: large, rugged brown scales 3, deformed body, armoured tail, roll, long
tongue, awkward tongue
a: Renounce Religion, Berserk, Trog's Hand, Brothers in Arms


You were on level 13 of the Dungeon.
You worshipped Trog.
Trog was extremely pleased with you.
You visited 2 branches of the dungeon, and saw 13 of its levels.
You also visited: Bailey.

You collected 1424 gold pieces.
You spent 414 gold pieces at shops.

Inventory:

Hand Weapons
 E - the +5 war axe of Deflation (weapon) {protect, rF+}
   (You found it on level 5 of the Dungeon)

   rF:        It protects you from fire.
 H - a +0 broad axe
 R - a +3 war axe of venom
Missiles
 a - a curare-tipped dart
 c - 70 stones
 l - 10 poisoned darts
 u - 2 atropa-tipped darts
 v - a silver boomerang
 D - 28 boomerangs
 M - 4 javelins (quivered)
 P - a throwing net
Armour
 f - a +0 pair of gloves (worn)
 j - +0 steam dragon scales
 K - a +2 robe of cold resistance
 T - a +0 hat (worn)
 V - a +1 ring mail of willpower (worn)
Jewellery
 m - a ring of protection from cold
 q - a ring of flight (right hand)
 w - a +5 ring of evasion (left hand)
 X - an amulet of magic regeneration
Wands
 r - a wand of polymorph (3)
 Q - a wand of iceblast (5)
 U - a wand of flame (5)
Scrolls
 b - a scroll of torment
 e - a scroll of magic mapping
 g - 3 scrolls of enchant armour
 h - a scroll of summoning
 k - 18 scrolls of teleportation
 p - a scroll of enchant weapon {unknown}
 s - 3 scrolls of fog
 y - a scroll of vulnerability {unknown}
 F - a scroll of blinking
 G - 5 scrolls of noise
 L - 2 scrolls of fear
 O - a scroll of amnesia {unknown}
 S - a scroll of poison {unknown}
Potions
 d - 2 potions of lignification
 i - 3 potions of mutation
 n - a potion of degeneration
 o - 3 potions of berserk rage
 t - 3 potions of heal wounds
 x - 2 potions of ambrosia
 z - 4 potions of curing
 A - 2 potions of cancellation {unknown}
 B - 2 potions of haste
 C - 4 potions of brilliance {unknown}
 I - 5 potions of flight
 N - a potion of might {unknown}
 W - a potion of attraction {unknown}
Miscellaneous
 J - a piece from Xom's chessboard (15/15)


   Skills:
 + Level 8.9 Fighting
 + Level 14.9 Axes
 + Level 7.9 Throwing
 + Level 7.5 Armour
 - Level 1.3 Dodging
 - Level 5.0 Evocations


You had 11 spell levels left.
You didn't know any spells.
Your spell library was empty.

Dungeon Overview and Level Annotations

Branches:
Dungeon (13/15)            Temple (1/1) D:5            Lair (0/5) D:9
    Orc (0/2) D:10         Bailey (visited)
 Vaults: D:13-14

Altars:
Gozag
Hepliaklqana
Kikubaaqudgha
Makhleb
Nemelex Xobeh
Qazlal
Sif Muna
Wu Jian
Xom
Yredelemnul
Zin
The Shining One

Shops:
D:2 *   D:6 ?   D:8 ?*:[*   D:10 *   D:11 :

Annotations:
D:10 3 runed translucent doors, bande's ghost, journeyman GrFi


Innate Abilities, Weirdness & Mutations

You are completely covered in rugged brown scales. (AC +3, +7% HP)
Armour fits poorly on your strangely shaped body.
You have a long armoured tail.
You roll when moving toward enemies. (Rampage)
Your long tongue fully drains potion bottles. (2x potion effects)
Your tongue gives you trouble enunciating. (1.5x scroll delay)


Message History

Unknown command.
Unknown command.
Unknown command.
Your limbs are stiffening.
Unknown command.
You hit the catoblepas but do no damage.
You tail-slap the catoblepas.
The catoblepas is moderately wounded.
The catoblepas gores you!!
You have turned to stone.
The catoblepas breathes a plume of calcifying dust at you.
The blast of calcifying dust hits you but does no damage.
You are engulfed in calcifying dust.
The catoblepas gores you!
You are engulfed in calcifying dust.
The catoblepas breathes in.
The catoblepas gores you but does no damage.
You are engulfed in calcifying dust.
The catoblepas breathes a plume of calcifying dust at you.
The blast of calcifying dust hits you.
The catoblepas breathes a plume of calcifying dust at you.
The blast of calcifying dust hits you.
You are engulfed in calcifying dust.
The catoblepas gores you!!
You are engulfed in calcifying dust.
The catoblepas gores you!!
You are engulfed in calcifying dust.
The catoblepas completely misses you.
You are engulfed in calcifying dust.
The catoblepas gores you!!
You turn to flesh and can move again.
Okay, then.
The catoblepas attacks as you move away!
The catoblepas gores you!
A centaur warrior comes into view.
The centaur warrior wields a +0 shortbow.
The centaur warrior shoots an arrow.
The arrow hits you!
* * * LOW HITPOINT WARNING * * *
As you slowly read the scroll of fear, it crumbles to dust.
You assume a fearsome visage.
The centaur warrior looks frightened!
The catoblepas easily resists.
The catoblepas breathes a plume of calcifying dust at you.
The blast of calcifying dust hits you!
* * * LOW HITPOINT WARNING * * *
The catoblepas gores you!!
You die...

#.....#
#....
#.....#
#....
#....##
#...[
#.c.##
#....
##.##
#....
##.# ...
#..#
#'####.##
#...Y@ยง#
########


You could see a catoblepas and a centaur warrior (fleeing).

Vanquished Creatures
  Gastronok (D:10)
  Harold (D:9)
  An ogre mage (D:10)
  4 two-headed ogres
  3 death yaks (D:9)
  2 ugly things (D:12)
  A manticore (D:12)
  3 cyclopes
  Joseph (D:10)
  An unseen horror (D:10)
  2 komodo dragons
  Psyche (D:10)
  2 kobold demonologists (D:10)
  5 trolls
  5 slime creatures
  A vampire (D:10)
  A shadow (D:10)
  3 wraiths
  10 yaks
  5 wyverns
  3 steam dragons
  4 vampire mosquitoes (D:10)
  Menkaure (D:7)
  3 acid dragons
  An ice beast (D:5)
  11 orc warriors
  A black bear (D:6)
  An ogre (D:6)
  A sky beast (D:7)
  9 centaurs
  A phantom (D:5)
  4 bullfrogs
  A kobold brigand (D:11)
  A gnoll sergeant (D:9)
  2 scorpions
  3 wights (D:8)
  15 killer bees
  2 electric eels (D:10)
  6 howler monkeys
  2 hounds
  2 jellies
  A gnoll bouda (D:6)
  11 orc priests
  Jessica (D:2)
  An iguana (D:7)
  Natasha (thrice) (D:2)
  13 orc wizards
  15 gnolls
  7 adders
  A river rat (D:10)
  A shadow imp (D:7)
  2 white imps (D:6)
  An ufetubus (D:7)
  2 worms
  3 dart slugs
  42 orcs
  5 ball pythons
  7 bats
  4 endoplasms
  2 giant cockroaches
  9 goblins
  15 hobgoblins
  3 jackals
  4 quokkas
  18 kobolds
  4 rats (D:1)
302 creatures vanquished.

Vanquished Creatures (collateral kills)
  A vampire mosquito (D:9)
  A centaur (D:9)
2 creatures vanquished.

Vanquished Creatures (others)
  A fungus (D:2)
  9 plants
10 creatures vanquished.

Grand Total: 314 creatures vanquished

Notes
Turn   | Place    | Note
-------+----------+-------------------------------------------
     0 | D:1      | bearlyready the Armataur Berserker began the quest for the
                  | Orb.
     0 | D:1      | Reached XP level 1. HP: 19/19 MP: 1/1
   332 | D:1      | Reached skill level 3 in Axes
   332 | D:1      | Reached XP level 2. HP: 26/26 MP: 2/2
   835 | D:2      | Noticed Natasha
   841 | D:2      | Killed Natasha
   842 | D:2      | Reached XP level 3. HP: 32/32 MP: 3/3
   913 | D:2      | Found Dozeacug's General Store.
   920 | D:2      | Bought a scroll of identify for 28 gold pieces
   958 | D:2      | Reached skill level 4 in Axes
   958 | D:2      | Reached XP level 4. HP: 39/39 MP: 4/4
   994 | D:2      | Noticed a scorpion
  1000 | D:2      | Killed a scorpion
  1119 | D:2      | Reached XP level 5. HP: 44/44 MP: 5/5
  1315 | D:2      | Noticed Natasha
  1319 | D:2      | Killed Natasha
  1320 | D:2      | Reached skill level 5 in Axes
  1349 | D:2      | Noticed Natasha
  1350 | D:2      | Noticed Jessica
  1352 | D:2      | Reached ** piety under Trog
  1358 | D:2      | Killed Natasha
  1359 | D:2      | Killed Jessica
  1437 | D:2      | You fall into a shaft and drop 2 floors!
  1647 | D:4      | Reached XP level 6. HP: 52/53 MP: 6/6
  2160 | D:5      | Entered Level 5 of the Dungeon
  2170 | D:5      | Reached skill level 6 in Axes
  2316 | D:5      | Identified the +5 war axe of Deflation {protect, rF+}
  2367 | D:5      | Found a staircase to the Ecumenical Temple.
  2395 | D:5      | Reached XP level 7. HP: 54/59 MP: 7/7
  2449 | D:5      | Reached skill level 7 in Axes
  3230 | D:5      | Found a sparkling altar of Nemelex Xobeh.
  3558 | Temple   | Entered the Ecumenical Temple
  3742 | D:6      | Found a stormy altar of Qazlal.
  3754 | D:6      | Reached skill level 8 in Axes
  3923 | D:6      | Found Qeosk's Magic Scroll Emporium.
  3929 | D:6      | Reached XP level 8. HP: 64/66 MP: 8/8
  3937 | D:6      | Bought a scroll of teleportation for 36 gold pieces
  3980 | D:6      | Found an ornate altar of the Wu Jian Council.
  4053 | D:6      | Found a shimmering altar of Xom.
  4053 | D:6      | Found an ancient bone altar of Kikubaaqudgha.
  4060 | D:6      | Found a glowing silver altar of Zin.
  4065 | D:6      | Found a faded altar of an unknown god.
  4067 | D:6      | Found a faded altar of an unknown god.
  4134 | D:6      | Identified a scroll of acquirement
  4134 | D:6      | Acquired a manual of Axes
  4354 | D:6      | Reached skill level 9 in Axes
  4753 | D:7      | Reached skill level 10 in Axes
  4779 | D:7      | Noticed Menkaure
  4783 | D:7      | Killed Menkaure
  4947 | D:7      | Reached skill level 11 in Axes
  5077 | D:7      | Reached skill level 1 in Throwing
  5077 | D:7      | Reached skill level 1 in Evocations
  5143 | D:7      | Reached *** piety under Trog
  5239 | D:7      | Reached XP level 9. HP: 72/72 MP: 9/9
  5405 | D:8      | Found Diehiube's Book Shoppe.
  5518 | D:8      | Found Ynkeppyq's General Store.
  5528 | D:8      | Bought a scroll of teleportation for 45 gold pieces
  5530 | D:8      | Found Xieprewn's Magic Scroll Shoppe.
  5577 | D:8      | Found Fiakk's General Store.
  5580 | D:8      | Bought a potion of mutation for 88 gold pieces
  5647 | D:8      | Found a flagged portal.
  5661 | Bailey   | Entered a bailey
  5706 | Bailey   | Reached skill level 12 in Axes
  5869 | Bailey   | Reached **** piety under Trog
  6130 | D:8      | Found Popeac's Antique Armour Boutique.
  6164 | D:8      | Bought a scroll of fear for 60 gold pieces
  6164 | D:8      | Bought a scroll of teleportation for 45 gold pieces
  6164 | D:8      | Bought a scroll of enchant armour for 112 gold pieces
  6647 | D:9      | Reached XP level 10. HP: 76/80 MP: 10/10
  6732 | D:9      | Found an opulent altar of Gozag.
  6758 | D:9      | Found a staircase to the Lair.
  6758 | D:9      | Noticed a death yak
  6780 | D:9      | Killed a death yak
  6781 | D:9      | Reached skill level 13 in Axes
  6781 | D:9      | Reached skill level 5 in Throwing
  6859 | D:9      | Noticed Harold
  6870 | D:9      | Killed Harold
  6894 | D:9      | Noticed a death yak
  6903 | D:9      | Noticed a death yak
  6904 | D:9      | Killed a death yak
  6912 | D:10     | Entered Level 10 of the Dungeon
  7065 | D:10     | Reached skill level 5 in Fighting
  7215 | D:10     | Found a glowing golden altar of the Shining One.
  7247 | D:10     | Found a staircase to the Orcish Mines.
  7348 | D:10     | Noticed Gastronok
  7355 | D:10     | Noticed an ogre mage
  7575 | D:9      | Killed a death yak
  7576 | D:9      | Reached XP level 11. HP: 54/95 MP: 11/11
  7782 | D:9      | Noticed a two-headed ogre
  7790 | D:9      | Killed a two-headed ogre
  8619 | D:10     | Killed Gastronok
  8620 | D:10     | Reached skill level 14 in Axes
  8690 | D:10     | Noticed Joseph
  8740 | D:10     | Killed Joseph
  8971 | D:10     | Killed an ogre mage
  9159 | D:10     | Reached ***** piety under Trog
  9217 | D:10     | Noticed Psyche
  9222 | D:10     | Killed Psyche
  9227 | D:10     | Reached skill level 5 in Armour
  9383 | D:10     | Found a runed translucent gate.
  9384 | D:10     | Found a runed translucent gate.
  9384 | D:10     | Found an opulent altar of Gozag.
  9385 | D:10     | Found a runed translucent gate.
  9385 | D:10     | Noticed a two-headed ogre
  9386 | D:10     | Noticed bande's ghost (journeyman GrFi)
  9387 | D:10     | Found Cunk's Assorted Antiques.
  9450 | D:10     | Noticed a two-headed ogre
  9464 | D:10     | Killed a two-headed ogre
  9465 | D:10     | Reached XP level 12. HP: 101/108 MP: 12/12
 10096 | D:11     | Noticed a two-headed ogre
 10104 | D:11     | Killed a two-headed ogre
 10417 | D:11     | Found Wyuclukh's Book Shoppe.
 10969 | D:12     | Noticed a two-headed ogre
 10974 | D:12     | Killed a two-headed ogre
 11411 | D:12     | Reached skill level 5 in Evocations
 12147 | D:13     | Noticed a catoblepas
 12162 | D:13     | Noticed a centaur warrior
 12163 | D:13     | Demolished by a catoblepas

Illustrated notes

Levels and vault maps discovered:
D:1:      amcnicky_arrival_flooded_fountain, layout_loops_ring, minmay_3d_cube
D:2:      layout_basic, serial_shops, nicolae_shop_statue_plus,
          shapermc_ecumenical_altar_petra, cheibrodos_gnoll_hut, uniq_jessica,
          uniq_natasha
D:4:      layout_loops_cross
D:5:      layout_layer_cave, nemelex_spade_bored_becter, temple_statues
D:6:      layout_basic, grunt_qazlal_sundering, mainiacjoe_overflow_brackets,
          chequers_temple_overflow_minitemple, eino_curves_01,
          kennysheep_small_circle
D:7:      layout_basic, amcnicky_mini_rare_corridor_liquid, uniq_menkaure
D:8:      layout_basic, enter_bailey_4, serial_shops, nicolae_square_shop, shop,
          shop, shop, nicolae_shop_behind_doors
D:9:      layout_stronghold, grunt_gozag_breadcrumbs, dpeg_lair_monsters,
          hangedman_decor_clover_reticule, uniq_harold
D:10:     nzn_winding_woodlands_three_and_one
          [nzn_winding_woodlands_5x15_river_crossing,
          nzn_winding_woodlands_5x15_crooked, nzn_winding_woodlands_5x15_pool,
          nzn_winding_woodlands_center_garden], layout_long_grid,
          kennysheep_mini, david_orc_2, ebering_ghost_gozag,
          nicolae_elevator_lobby_plus, uniq_joseph, uniq_psyche, uniq_gastronok
D:11:     layout_big_octagon, serial_shops, kennysheep_little_box
D:12:     layout_loops_ring, roderic_batcave
D:13:     minmay_the_grid_square_5x5_5x5_mashed
          [minmay_the_grid_square_5x5_two_walls_b,
          minmay_the_grid_square_5x5_tie,
          minmay_the_grid_square_5x5_intrusive_squares,
          minmay_the_grid_square_5x5_shrine1, minmay_the_grid_square_5x5_empty,
          minmay_the_grid_square_5x5_checkered,
          minmay_the_grid_square_5x5_prize_snowflake,
          minmay_the_grid_square_5x5_inner_v,
          minmay_the_grid_square_5x5_prize_open,
          minmay_the_grid_square_5x5_slash, minmay_the_grid_square_5x5_shrine2,
          minmay_the_grid_square_5x5_three_walls,
          minmay_the_grid_square_5x5_prize_pseudospiral,
          minmay_the_grid_square_5x5_hourglass,
          minmay_the_grid_square_5x5_doubleslash,
          minmay_the_grid_square_5x5_fat_x,
          minmay_the_grid_square_5x5_prize_itemx,
          minmay_the_grid_square_5x5_almost_minimal,
          minmay_the_grid_square_5x5_prize_rear_guard,
          minmay_the_grid_square_5x5_minivault,
          minmay_the_grid_square_5x5_two_walls_a,
          minmay_the_grid_square_5x5_minibox, minmay_the_grid_square_5x5_three,
          minmay_the_grid_square_5x5_bite,
          minmay_the_grid_square_5x5_broken_cross], layout_rooms,
          ebering_ghost_reflecting_pool, dk_noncrumbling_4,
          hellmonk_bongcloud_opening, kennysheep_small_square
Temple:   pf_slimified_temple

Skill      XL: |  1  2  3  4  5  6  7  8  9 10 11 12 |
---------------+-------------------------------------+-----
Axes           | 3 4 5 6 8 11 12 13 14 | 14.9
Throwing       | 1 4 6 7 |  7.9
Evocations     | 1 4 5 |  5.0
Fighting       | 5 8 |  8.9
Armour         | 5 7 |  7.5
Dodging        | |  1.3

Action                     |  1- 3 |  4- 6 |  7- 9 | 10-12 || total
---------------------------+-------+-------+-------+-------++-------
  Melee: Hand axe          |    59 |   122 |   148 |       ||   329
         Tailslap          |     6 |    20 |    36 |    67 ||   129
         Punch             |       |     3 |     1 |     4 ||     8
         War axe           |       |       |   187 |   439 ||   626
  Throw: Dart              |       |       |       |    10 ||    10
         Throwing net      |       |       |       |     1 ||     1
         Boomerang         |       |       |       |     5 ||     5
         Javelin           |       |       |       |     2 ||     2
 Invoke: Berserk           |     1 |     4 |     5 |     8 ||    18
         Brothers in Arms  |       |       |       |     1 ||     1
  Evoke: Wand              |       |       |       |     1 ||     1
    Use: Scroll            |     2 |       |    11 |     6 ||    19
         Potion            |       |       |       |     2 ||     2
   Stab: Sleeping          |       |       |       |     2 ||     2
 Armour: Animal skin       |    37 |    19 |       |       ||    56
         Ring mail         |       |    30 |    85 |   104 ||   219
         Steam dragon scal |       |       |    26 |    52 ||    78
         Skin              |       |       |       |     9 ||     9
  Dodge: Dodged            |    19 |    52 |   221 |   285 ||   577

Table legend: (Time is in decaauts)
 A = Elapsed time spent in this place.
 B = Non-inter-level travel time spent in this place.
 C = Inter-level travel time spent in this place.
 D = Time resting spent in this place.
 E = Time spent auto-exploring this place.
 F = Levels seen in this place.
 G = Mean time per level.
                   A        B        C        D        E       F      G
               +--------+--------+--------+--------+--------+-----+--------+
         Total |  12207 |  11824 |    383 |    393 |   9443 |  14 |  871.9 |
       Dungeon |  11822 |  11439 |    383 |    393 |   9170 |  12 |  985.2 |
        Temple |      1 |      1 |      0 |      0 |      0 |   1 |    1.0 |
        Bailey |    383 |    383 |      0 |      0 |    273 |   1 |  383.0 |
               +--------+--------+--------+--------+--------+-----+--------+

Top non-repeatable levels by time:
     D:9: 1812 daAuts
    D:10: 1728 daAuts
     D:5: 1484 daAuts
    D:12: 1317 daAuts
     D:6: 1018 daAuts
     D:1: 793 daAuts
    D:11: 739 daAuts
     D:7: 734 daAuts
     D:4: 732 daAuts
     D:2: 678 daAuts
     D:8: 608 daAuts
  Bailey: 383 daAuts
    D:13: 174 daAuts
  Temple: 1 daAuts
